 Dungeon Crawl Stone Soup version 0.30.0-29-ga12c61a403 (webtiles) character file.

Game seed: 11084179701553164340

265 qw the Chopper (level 6, -7/38 HPs)
             Began as a Gargoyle Fighter on June 5, 2023.
             Mangled by a wight
             ... wielding a +0 flail
              (9 damage)
             ... on level 4 of the Dungeon.
             The game lasted 00:01:13 (2337 turns).

qw the Chopper (Gargoyle Fighter)                   Turns: 2337, Time: 00:01:13

Health: -7/38      AC: 17    Str: 22    XL:     6   Next: 20%
Magic:  6/6        EV:  6    Int:  8    God:
Gold:   157        SH:  4    Dex:  9    Spells: 5/5 levels left

rFire   . . .        Y - +2 war axe (freeze)
rCold   + . .        c - +0 buckler
rNeg    + . .        h - +0 plate armour
rPois   inf          a - +0 helmet
rElec   +            (no cloak)
rCorr   .            (no gloves)
SInv    .            (no boots)
Will    .....        (no amulet) Stlth
                     i - ring of protection from cold
HPRegen 0.26/turn    (no ring)
MPRegen 0.10/turn

%: no passive effects
@: no status effects
A: sickness immunity, AC +4, negative energy resistance 1, electricity
resistance, torment resistance 1, petrification resistance
a: no special abilities


You were on level 4 of the Dungeon.
You visited 1 branch of the dungeon, and saw 4 of its levels.

You collected 157 gold pieces.


Innate Abilities, Weirdness & Mutations

You are immune to sickness and miasma.
Your stone body is resilient. (AC +4)
You are immune to poison.
You resist negative energy. (rN+)
You are resistant to electric shocks. (rElec)
You are resistant to unholy torment.
You are immune to petrification.


   Skills:
 - Level 4.0 Fighting
 + Level 5.4 Axes
 - Level 3.2 Armour
 - Level 3.2 Shields


You had 5 spell levels left.
You didn't know any spells.
Your spell library was empty.

Inventory:

Hand Weapons
 l - a +0 flail
 Y - a +2 war axe of freezing (weapon)
Armour
 a - a +0 helmet (worn)
 c - a +0 buckler (worn)
 h - a +0 plate armour (worn)
Jewellery
 i - a ring of protection from cold (left hand)
Scrolls
 b - a scroll of vulnerability {unknown}
 e - a scroll of immolation {unknown}
Potions
 d - a potion of might
 f - 4 potions of curing
 g - a potion of resistance {unknown}
 j - a potion of invisibility {unknown}

Dungeon Overview and Level Annotations

Branches:
Dungeon (4/15)
 Temple: D:4-7

Altars:
Kikubaaqudgha
Zin

Annotations:
D:3 1 runed translucent door, Crazy Yiuf
D:4 2 transporters, qw's ghost, amateur GrFi


Message History

The wight hits you from afar with a +0 halberd!
You closely miss the wight.
The wight is moderately damaged.
The wight hits you with a +3 spear.
The wight hits the withered plant with a +0 flail!
The withered plant begins to crumble.
The wight closely misses you.
The wight hits you from afar with a +0 halberd!
The wight barely misses you.
The wight hits the withered plant with a +0 flail!
You closely miss the wight.
The wight is moderately damaged.
You block the wight's attack.
The wight hits the withered plant with a +0 flail!
The wight hits you but does no damage.
You slash the wight!
The wight is severely damaged.
The wight hits you but does no damage.
The wight hits the withered plant with a +0 flail.
The withered plant begins to crumble.
The wight hits you from afar with a +0 halberd!
You hit the wight.
You destroy the wight!
The wight barely misses you.
The wight hits the withered plant with a +0 flail!
You have reached level 6!
A wight comes into view. It is wielding a +2 scimitar.
The wight hits the withered plant with a +0 flail!
The wight hits you but does no damage.
Things that are here:
a +3 spear; a +0 robe
Enter note:
Enter note:
Enter note:
Enter note: You barely miss the wight.
The withered plant crumbles away.
The wight hits you but does no damage. x2
You closely miss the wight. You barely miss the wight.
The withered plant crumbles away.
The wight hits you with a +0 halberd. The wight hits you with a +0 flail!
You die...

.........#
.#......#
#......####
#.........#
#.####....####.#
........### .#
.....##..######.#
<### ###..P.....
#..@..###..
#P.zz..#
#........#
.z..P#....#
...P..# .._.#
###..P ....# ##..
....# #.. ..#.#


You could see 3 wights.

Vanquished Creatures
  A scorpion (D:4)
  A wight (D:4)
  A hound (D:4)
  Robin (D:2)
  4 adders
  2 dart slugs
  An orc (D:4)
  10 ball pythons
  10 endoplasms
  2 giant cockroaches (D:1)
  13 goblins
  7 hobgoblins
  4 jackals (D:2)
  2 quokkas
  A frilled lizard (D:2)
  8 kobolds
  8 rats
76 creatures vanquished.

Notes
Turn   | Place    | Note
-------+----------+-------------------------------------------
     0 | D:1      | qw the Gargoyle Fighter began the quest for the Orb.
     0 | D:1      | Reached XP level 1. HP: 14/14 MP: 1/1
     0 | D:1      | 0 ||| qw: Version: 0.2-a-108-gee2c290
     0 | D:1      | 0 ||| qw: Game counter: 1480
     0 | D:1      | 0 ||| qw: Always use a shield: true
     0 | D:1      | 0 ||| qw: God list: Okawaru
     0 | D:1      | 0 ||| qw: Allow faded altars: false
     0 | D:1      | 0 ||| qw: Do Orc after D:15 true
     0 | D:1      | 0 ||| qw: Do second Lair branch before Depths: true
     0 | D:1      | 0 ||| qw: Lair rune preference: random
     0 | D:1      | 0 ||| qw: Plans: Normal, Zot:1-4, Slime:5, God:TSO, Crypt,
                  | Tomb, Abyss, Pan, Hells, Win
     0 | D:1      | 0 ||| PLANNING D:1-11
    79 | D:1      | Reached skill level 2 in Axes
   140 | D:1      | 140 ||| Stepping ~*~*~tactically~*~*~ (stealth).
   148 | D:1      | 148 ||| DROPPING +0 whip.
   182 | D:1      | Reached XP level 2. HP: 19/19 MP: 2/2
   376 | D:1      | 376 ||| Stepping ~*~*~tactically~*~*~ (hiding).
   426 | D:1      | 426 ||| UPGRADING to ring of protection from cold.
   427 | D:1      | 427 ||| READING scroll labelled FEUGYEVVOQ.
   428 | D:1      | 428 ||| READING scroll labelled GAOSEC BUESS.
   429 | D:1      | 429 ||| READING scroll labelled JESANN WARAANY.
   467 | D:2      | Noticed Robin
   474 | D:2      | Reached skill level 3 in Axes
   475 | D:2      | Reached XP level 3. HP: 23/23 MP: 3/3
   475 | D:2      | Killed Robin
   513 | D:2      | 513 ||| Stepping ~*~*~tactically~*~*~ (hiding).
   514 | D:2      | 514 ||| Stepping ~*~*~tactically~*~*~ (hiding).
   517 | D:2      | 517 ||| Stepping ~*~*~tactically~*~*~ (hiding).
   527 | D:2      | 527 ||| Stepping ~*~*~tactically~*~*~ (stealth).
   547 | D:2      | 547 ||| Stepping ~*~*~tactically~*~*~ (stealth).
   567 | D:2      | Reached XP level 4. HP: 25/28 MP: 4/4
   575 | D:2      | Reached skill level 4 in Axes
  1025 | D:2      | 1025 ||| UPGRADING to +0 helmet.
  1030 | D:2      | 1030 ||| UPGRADING to +0 plate armour.
  1040 | D:2      | 1040 ||| DROPPING +0 scale mail.
  1041 | D:2      | 1041 ||| DRINKING 3 bubbling pink potions.
  1145 | D:2      | 1145 ||| DRINKING 2 golden potions.
  1146 | D:2      | 1146 ||| DROPPING 2 potions of berserk rage.
  1206 | D:3      | Found a runed translucent door.
  1207 | D:3      | Noticed Crazy Yiuf
  1470 | D:3      | 1470 ||| Stepping ~*~*~tactically~*~*~ (stealth).
  1498 | D:3      | Found a glowing silver altar of Zin.
  1778 | D:3      | 1778 ||| READING scroll labelled HIACVO LUCAC.
  1800 | D:4      | Found a transporter.
  1808 | D:4      | Noticed qw's ghost (amateur GrFi)
  1808 | D:4      | Noticed an ogre
  1811 | D:4      | Found a transporter.
  1856 | D:4      | 1856 ||| FLEEEEING.
  1859 | D:4      | 1859 ||| Stepping ~*~*~tactically~*~*~ (hiding).
  1968 | D:4      | 1968 ||| DROPPING +2 heavy mace.
  1981 | D:4      | Noticed a scorpion
  1994 | D:4      | Killed a scorpion
  1995 | D:4      | Reached skill level 5 in Axes
  1995 | D:4      | Reached XP level 5. HP: 31/32 MP: 5/5
  2010 | D:4      | 2010 ||| READING scroll of enchant weapon.
  2010 | D:4      | 2010 ||| ENCHANTING +1 war axe of freezing.
  2082 | D:4      | 2082 ||| Stepping ~*~*~tactically~*~*~ (stealth).
  2320 | D:4      | Found an ancient bone altar of Kikubaaqudgha.
  2322 | D:4      | 2322 ||| Stepping ~*~*~tactically~*~*~ (hiding).
  2333 | D:4      | HP: 2/33 [wight/+0 halberd (8)]
  2335 | D:4      | Reached XP level 6. HP: 2/38 MP: 6/6
  2337 | D:4      | Mangled by a wight

Levels and vault maps discovered:
D:1:      roderic_chinese_lattice_arrival, layout_rooms
D:2:      layout_rooms, grunt_decor_clamped, serial_bayou_pond_b, uniq_robin
D:3:      layout_rooms, zin_treasury, chequers_big_river,
          amcnicky_mini_rare_corridor_liquid, chequers_serial_rivers_micro_c,
          uniq_crazy_yiuf_cottage
D:4:      layout_basic, kiku_gazebo_garden_becter, old_standard_altar,
          gammafunk_ghost_smash

Skill      XL: |  1  2  3  4  5 |
---------------+----------------+-----
Axes           | 2 3 5 |  5.4
Fighting       | 4 |  4.0
Armour         | |  3.2
Shields        | |  3.2

Action                     |  1- 3 |  4- 6 || total
---------------------------+-------+-------++-------
  Melee: War axe           |    69 |    78 ||   147
    Use: Scroll            |     3 |     2 ||     5
         Potion            |       |     2 ||     2
 Armour: Scale mail        |    35 |     8 ||    43
         Plate armour      |       |    23 ||    23
  Dodge: Dodged            |    39 |    26 ||    65
  Block: Buckler           |    11 |    18 ||    29

Table legend:
 A = Non-vault XP
 B = Vault XP
 C = Vault XP percentage of total XP
 D = Non-vault monster count
 E = Vault monster count
 F = Vault count percentage of total count
                 A         B        C        D         E       F
            +---------+---------+-------+---------+---------+-------
      Total |     334 |      45 |  11.9 |      58 |      18 |  23.7
            +---------+---------+-------+---------+---------+-------
        D:1 |      22 |       0 |   0.0 |      14 |       0 |   0.0
        D:2 |      49 |      45 |  47.9 |      22 |      18 |  45.0
        D:3 |      29 |       0 |   0.0 |      10 |       0 |   0.0
        D:4 |     234 |       0 |   0.0 |      12 |       0 |   0.0
            +---------+---------+-------+---------+---------+-------
